Map: Solaris LE

Players

Fonsder - Winner!

  • Race: Terran Terran
  • League: Platinum
  • Spawn Location: 1:00

SubN

  • Race: Zerg Zerg
  • League: Diamond
  • Spawn Location: 7:00

VOD

Have the link to the VOD?

Description

Time

  • Played on: Dec. 26, 2023, 5:48 p.m.
  • Length: 18:37
Show
View Real Time Build Order
Export as new Build Order

Fonsder Terran - Winner!

Build Orders: Gas First Reaper Expand 

Get SALT Encoding   

  12  0:00  SCV  
  13  0:16  Supply Depot, SCV  
  14  0:24  Refinery  
  14  0:29  SCV  
  15  0:41  Barracks  
  15  0:45  SCV  
  16  0:57  SCV  
  17  1:09  SCV  
  18  1:21  SCV  
  19  1:30  Reaper  
  20  1:36  Command Center  
  20  1:46  Factory  
  20  1:52  Refinery  
  20  2:05  Marine  
  20  2:08  Orbital Command  
  21  2:22  Marine  
  22  2:40  Factory Tech Lab  
  22  2:59  Siege Tank  
  22  3:01  Marine, Starport  
  25  3:14  SCV x2  
  27  3:22  Marine  
  27  3:26  SCV x2  
  30  3:31  Siege Tank  
  33  3:40  Marine, Medivac  
  36  3:43  Supply Depot  
  36  3:46  SCV x2  
  38  4:05  Marine, Siege Tank  
  38  4:06  Supply Depot  
  38  4:07  Supply Depot  
  42  4:10  Medivac  
  44  4:31  Supply Depot  
  44  4:36  Supply Depot, Marine  
  44  4:37  SCV  
  47  4:40  Orbital Command  
  46  4:52  Siege Tank, SCV  
  50  4:54  Marine  
  50  4:56  Engineering Bay  
  50  4:58  Starport Reactor  
  51  5:04  SCV  
  52  5:08  SCV  
  53  5:16  SCV  
  52  5:44  Marine  
  42  6:04  Barracks  
  42  6:05  Barracks  
  42  6:06  Barracks  
  42  6:07  SCV x2  
  42  6:08  Barracks  
  42  6:09  Barracks Tech Lab  
  43  6:13  Refinery  
  43  6:14  Refinery  
  42  6:19  SCV x2  
  44  6:30  Medivac x2  
  44  6:31  Siege Tank  
  51  6:33  SCV x2  
  51  6:38  Terran Infantry Weapons Level 1  
  53  6:40  Supply Depot  
  53  6:44  Engineering Bay  
  53  6:45  SCV x2  
  55  6:49  Stimpack  
  55  6:50  Armory  
  55  6:51  Marauder  
  57  7:01  SCV x2  
  59  7:04  Supply Depot  
  59  7:12  Marauder  
  59  7:13  SCV x2  
  59  7:14  Barracks Tech Lab  
  59  7:15  Barracks Tech Lab, Barracks Reactor x2  
  63  7:31  Medivac  
  63  7:34  Marauder  
  63  7:35  Supply Depot  
  67  7:39  Supply Depot  
  67  7:40  Terran Infantry Armor Level 1  
  67  7:48  Marauder x2  
  71  7:53  Combat Shield  
  71  7:55  Marauder, Marine  
  71  7:56  Marine x2  
  71  7:57  Marine  
  77  8:02  Supply Depot  
  77  8:03  Supply Depot  
  77  8:06  Terran Vehicle Weapons Level 1  
  77  8:09  Marauder x2  
  81  8:13  Marine  
  81  8:16  Marauder  
  81  8:19  Siege Tank  
  87  8:30  Marauder x2  
  87  8:31  SCV x2  
  93  8:35  Marine x3  
  93  8:37  Marine  
  97  8:43  SCV x2  
  99  8:52  Marauder x2  
  103  9:04  Terran Infantry Weapons Level 2  
  103  9:07  Command Center  
  103  9:15  Medivac x2  
  107  9:38  Marauder x3  
  113  9:39  Marine x4  
  117  9:49  Siege Tank  
  120  9:53  Terran Infantry Armor Level 2  
  120  9:57  Marine  
  120  9:59  Marauder x2  
  125  10:07  Marine  
  125  10:13  Missile Turret  
  126  10:16  Missile Turret  
  126  10:18  Marine x3  
  126  10:19  Marauder  
  126  10:21  Marauder x2, Siege Tank  
  138  10:24  Marine  
  138  10:26  Factory  
  139  10:30  Supply Depot  
  139  10:36  SCV x2  
  141  10:47  Orbital Command  
  141  10:51  SCV x2  
  141  10:52  Supply Depot  
  116  11:11  Sensor Tower  
  113  11:17  Marine x3  
  113  11:18  Marine x4  
  118  11:21  SCV x2  
  122  11:26  Refinery  
  121  11:36  Marauder x3  
  124  11:41  SCV  
  124  11:42  SCV x2  
  124  11:43  Siege Tank  
  124  11:45  Factory Tech Lab  
  130  11:50  Terran Infantry Weapons Level 3  
  130  11:54  SCV x2  
  132  12:15  Siege Tank  
  132  12:20  Sensor Tower  
  135  12:31  SCV x3  
  135  12:32  Siege Tank  
  141  12:43  Refinery, SCV x3  
  144  12:48  Siege Tank  
  147  13:04  Siege Tank  
  131  13:18  Marine  
  131  13:19  Marine x6  
  128  13:20  Siege Tank  
  128  13:34  Command Center  
  128  13:36  Marine, Siege Tank  
  128  13:37  Marine x6  
  128  13:39  SCV x2  
  140  13:46  Supply Depot  
  140  13:52  Siege Tank  
  140  13:54  Marine x7  
  150  14:08  Siege Tank  
  150  14:09  Terran Infantry Armor Level 3  
  153  14:10  Supply Depot, Terran Vehicle Weapons Level 2  
  153  14:12  Marine x4  
  153  14:13  Armory  
  157  14:19  Supply Depot  
  160  14:24  Siege Tank  
  160  14:32  Supply Depot  
  160  14:40  Siege Tank  
  160  14:42  Supply Depot  
  163  14:56  Siege Tank  
  133  15:07  Supply Depot  
  133  15:11  Marine x7  
  133  15:12  Siege Tank  
  141  15:18  SCV x3  
  144  15:28  Siege Tank  
  147  15:29  Marine x7  
  147  15:30  SCV x3  
  157  15:42  SCV x2  
  159  15:43  SCV  
  159  15:45  Siege Tank  
  159  15:48  Factory  
  163  15:50  Factory  
  163  15:53  Planetary Fortress  
  163  15:56  Refinery  
  163  15:57  Refinery  
  163  16:00  Siege Tank  
  166  16:17  Siege Tank  
  169  16:19  SCV  
  169  16:20  SCV  
  169  16:22  SCV  
  172  16:28  Supply Depot  
  172  16:29  Supply Depot  
  172  16:30  Supply Depot  
  172  16:32  Siege Tank, SCV x2  
  177  16:43  Supply Depot x2  
  177  16:48  Thor, Sensor Tower  
  177  16:51  Supply Depot, Factory Tech Lab x2  
  183  17:04  Thor  
  183  17:06  Supply Depot  
  189  17:13  Supply Depot  
  189  17:19  Supply Depot  
  189  17:20  Supply Depot  
  189  17:21  Sensor Tower  
  189  17:28  Viking x2  
  193  17:31  Thor  
  193  17:35  Supply Depot  
  193  17:37  Supply Depot  
  199  18:25  Missile Turret  
  199  18:26  Missile Turret  
Show
View Real Time Build Order
Export as new Build Order

SubN Zerg 

Build Orders: Hatch First 

Get SALT Encoding   

  12  0:00  Drone  
  13  0:12  Overlord  
  13  0:16  Drone  
  14  0:30  Drone x2  
  16  0:48  Hatchery  
  15  0:52  Drone  
  15  0:55  Drone  
  17  0:59  Drone  
  18  1:06  Extractor  
  17  1:14  Spawning Pool  
  17  1:18  Drone  
  17  1:20  Drone  
  18  1:28  Drone  
  19  1:38  Drone  
  20  1:54  Overlord  
  20  2:01  Queen  
  20  2:02  Queen  
  20  2:03  Zergling x2  
  20  2:05  Zergling x2  
  26  2:11  Metabolic Boost  
  26  2:14  Drone  
  25  2:41  Queen  
  25  2:44  Drone x2  
  29  2:46  Hatchery  
  28  2:53  Drone x3  
  28  2:54  Drone  
  31  2:59  Drone x2  
  33  3:16  Drone x3  
  33  3:18  Overlord  
  36  3:21  Overlord  
  36  3:25  Overlord  
  36  3:29  Overlord  
  36  3:37  Drone x5  
  41  3:46  Queen  
  43  4:02  Drone x8  
  51  4:13  Drone x6  
  51  4:14  Queen  
  59  4:29  Overlord x3  
  59  4:48  Queen  
  59  4:50  Drone x2, Queen  
  59  4:51  Zergling x16  
  73  4:57  Drone  
  74  5:00  Lair, Extractor  
  73  5:07  Baneling Nest  
  73  5:08  Zergling x4  
  73  5:09  Zergling x10  
  79  5:20  Zergling x10  
  76  5:31  Zergling x4  
  76  5:32  Zergling x8  
  65  5:59  Drone x4  
  69  6:05  Centrifugal Hooks  
  69  6:06  Zergling x2  
  69  6:07  Zergling x18  
  73  6:21  Drone x3  
  78  6:32  Drone x3  
  78  6:35  Extractor  
  78  6:36  Extractor  
  78  6:37  Hatchery  
  75  6:44  Drone x4, Infestation Pit  
  75  6:45  Hydralisk Den  
  77  6:47  Drone  
  77  6:48  Drone x2  
  77  6:50  Drone x2  
  77  6:51  Overlord  
  77  6:52  Overlord  
  81  7:04  Overlord x4  
  81  7:05  Overlord x2  
  81  7:09  Pneumatized Carapace  
  81  7:16  Drone x2, Evolution Chamber  
  81  7:17  Drone, Evolution Chamber  
  81  7:20  Drone x2  
  81  7:21  Extractor x2  
  81  7:22  Drone x2  
  84  7:25  Muscular Augments  
  84  7:29  Drone  
  85  7:30  Drone x3  
  88  7:38  Drone x2  
  88  7:39  Drone x5  
  95  7:48  Hatchery  
  95  7:49  Hatchery  
  93  7:51  Zerg Melee Weapons Level 1  
  93  7:52  Zerg Missile Weapons Level 1, Queen  
  95  8:03  Queen  
  95  8:05  Drone x4  
  99  8:06  Drone x4  
  105  8:23  Overlord x4  
  105  8:24  Infestor x3  
  111  8:27  Queen  
  111  8:29  Overlord, Grooved Spines  
  111  8:33  Zergling x2  
  111  8:34  Zergling x24  
  126  8:41  Zergling x2  
  126  8:42  Zergling x2  
  126  8:44  Baneling x10  
  126  8:45  Baneling x6  
  126  8:46  Zergling x6  
  131  8:52  Extractor x2  
  129  8:58  Zergling x2  
  129  8:59  Zergling x18  
  139  9:05  Infestor, Baneling x4  
  141  9:17  Drone  
  142  9:18  Zergling x2  
  142  9:19  Zergling x2  
  142  9:21  Zergling x2  
  142  9:22  Zergling x2  
  146  9:26  Hydralisk  
  146  9:27  Hydralisk x8  
  164  9:38  Drone x3  
  166  9:43  Drone x2  
  166  9:44  Drone x4  
  173  9:47  Overlord x2, Zerg Ground Armor Level 1  
  173  9:48  Overseer  
  171  10:00  Hydralisk  
  171  10:01  Hydralisk x9  
  191  10:08  Hatchery  
  190  10:43  Overseer  
  190  10:44  Overseer  
  190  10:47  Zergling x2  
  190  10:48  Zergling x16  
  147  11:05  Hydralisk x2  
  147  11:06  Hydralisk x6  
  147  11:10  Hydralisk  
  147  11:11  Hydralisk x4  
  153  11:13  Zergling x2  
  153  11:14  Zergling x28  
  167  11:56  Infestor  
  167  11:57  Infestor x3  
  175  12:02  Hive  
  175  12:06  Drone x2  
  175  12:07  Drone  
  175  12:08  Drone x2  
  180  12:10  Extractor x2  
  174  12:30  Zergling x10  
  174  12:31  Zergling x6  
  183  12:37  Zergling x20  
  183  12:38  Zergling x16  
  183  12:42  Zerg Missile Weapons Level 2  
  183  12:43  Zerg Melee Weapons Level 2  
  200  12:50  Baneling x2  
  200  12:51  Baneling x11  
  136  13:31  Zergling x2  
  136  13:32  Zergling x4  
  139  13:40  Ultralisk Cavern  
  138  13:46  Roach Warren  
  137  13:49  Spire  
  137  13:50  Drone x3  
  137  13:51  Drone  
  137  13:52  Drone x2  
  137  13:53  Zergling x2  
  137  13:54  Zergling x14  
  137  13:55  Zergling x16  
  156  13:56  Zergling x4  
  156  14:01  Hydralisk x5  
  156  14:02  Hydralisk x14  
  192  14:07  Baneling x6  
  198  14:10  Zergling x2  
  198  14:11  Zergling x2  
  200  14:26  Adrenal Glands  
  200  14:29  Baneling x11  
  200  14:30  Baneling x12  
  200  14:31  Baneling x13  
  194  14:58  Zerg Ground Armor Level 2  
  138  15:13  Ultralisk x5  
  138  15:14  Ultralisk  
  168  15:19  Zerg Melee Weapons Level 3  
  168  15:36  Corruptor x3  
  168  15:37  Corruptor x4  
  168  15:38  Corruptor  
  168  15:41  Viper  
  187  15:43  Greater Spire  
  187  15:45  Glial Reconstitution  
  187  15:48  Zergling x2  
  187  15:49  Zergling x12  
  194  15:50  Hatchery  
  194  15:52  Overlord  
  194  15:53  Overlord x4, Extractor x2  
  191  16:36  Overlord  
  191  16:46  Overseer  
  191  16:47  Overseer  
  191  16:54  Brood Lord x4  
  196  17:04  Brood Lord  
  196  17:05  Brood Lord  
  199  17:14  Brood Lord  
  198  17:29  Brood Lord  
Tags
 
Add a new tag
Caveats
  • Supply blocks, unpowered buildings, or Contaminate may cause inaccurate times.
  • Supply counts are checked every 10 seconds.